 Dungeon Crawl Stone Soup version 0.31-a0-836-g3ceb0a68c4 (webtiles) character file.

Game seed: 7890682122827384446

205 Kurtz the Chopper (level 5, -4/36 HPs)
             Began as an Octopode Fighter on Sept 26, 2023.
             Slain by a sky beast (5 damage)
             ... on level 4 of the Dungeon.
             The game lasted 00:01:44 (2765 turns).

Kurtz the Chopper (Octopode Fighter)                Turns: 2765, Time: 00:01:45

Health: -4/36      AC: -11   Str: 15    XL:     5   Next: 83%
Magic:  5/5        EV: 13    Int: 10    God:
Gold:   136        SH:  5    Dex: 14    Spells: 4/4 levels left

rFire   . . .        a - +0 war axe
rCold   . . .        b - +0 buckler
rNeg    + . .        n - +0 hat
rPois   .            (no amulet)
rElec   .            j - ring of positive energy
rCorr   .            (no ring)
SInv    .            (no ring)
Will    .....        (no ring)
Stlth   ++           (no ring)
HPRegen 0.26/turn    (no ring)
MPRegen 0.09/turn    (no ring)
                     (no ring)

%: no passive effects
@: mighty, corroded
A: almost no armour, amphibious, 8 rings, camouflage 1, gelatinous body 1,
(nimble swimmer 1), tentacles
a: no special abilities


You were on level 4 of the Dungeon.
You visited 1 branch of the dungeon, and saw 4 of its levels.

You collected 136 gold pieces.

Inventory:

Hand Weapons
 a - a +0 war axe (weapon)
Missiles
 l - 8 poisoned darts
Armour
 b - a +0 buckler (worn)
 n - a +0 hat (worn)
Jewellery
 g - a ring of ice
 j - a ring of positive energy (left tentacle)
Scrolls
 d - 4 scrolls of enchant armour {unknown}
 f - a scroll of torment {unknown}
 h - a scroll of fog {unknown}
 m - a scroll of teleportation {unknown}
 o - a scroll of revelation {unknown}
 p - a scroll of summoning {unknown}
Potions
 c - a potion of might
 e - 2 potions of curing {unknown}
 i - 2 potions of haste {unknown}
 k - a potion of mutation {unknown}
 q - a potion of lignification {unknown}


   Skills:
 + Level 3.0 Fighting
 * Level 5.8 Axes
 - Level 3.0 Dodging
 - Level 3.0 Shields


You had 4 spell levels left.
You didn't know any spells.
Your spell library contained the following spells:

 Spells                   Type           Power      Damage    Failure   Level
 Apportation              Tloc           0%         N/A       45%         1
 Necrotise                Necr           0%         1d4       45%         1
 Summon Small Mammal      Summ           0%         N/A       45%         1
 Poisonous Vapours        Pois/Air       0%         N/A       58%         2
 Sublimation of Blood     Necr           0%         N/A       58%         2
 Mephitic Cloud           Conj/Pois/Air  0%         N/A       83%         3
 Petrify                  Tmut/Erth      0%         N/A       99%         4
 Freezing Cloud           Conj/Ice/Air   0%         6-21      100%        5
 Irradiate                Conj/Tmut      0%         3d11      100%        5


Dungeon Overview and Level Annotations

Branches:
Dungeon (4/15)
 Temple: D:4-7

Altars:
Dithmenos
Qazlal

Shops:
D:1 [:=(


Innate Abilities, Weirdness & Mutations

You cannot wear most types of armour.
You are amphibious.
You can wear up to eight rings at the same time.
Your skin changes colour to match your surroundings (Stealth+).
Your rubbery body absorbs attacks. (AC +1, EV +1)
((You are camouflaged when in or above water. (Stealth+)))
You have tentacles for arms and can constrict up to eight enemies at once.


Message History

A goblin is nearby!
The helpless goblin fails to defend itself.
You hit the goblin.
You kill the goblin!
No target in view!
A jelly comes into view.
A sky beast comes into view.
Found a stormy altar of Qazlal.
There are monsters nearby!
There are monsters nearby!
The helpless jelly fails to defend itself.
You slash the jelly!
Your tentacles burn!
The jelly is almost dead.
The jelly hits you. The acid corrodes you!
You are splashed with acid!
The jelly barely misses you.
You hit the jelly but do no damage.
Your tentacles burn!
The jelly is almost dead.
The jelly barely misses you.
Unknown command.
The jelly attacks as it pursues you! The jelly barely misses you.
You hit the jelly.
Your tentacles burn!
You squeeze the jelly, but do no damage.
The jelly is almost dead.
The jelly hits you. The acid corrodes you!
You are splashed with acid.
Unknown command.
You hit the jelly but do no damage. The acid corrodes you!
Your tentacles burn!
* * * LOW HITPOINT WARNING * * *
The jelly is almost dead.
Unknown command.
You feel very mighty all of a sudden.
A hound comes into view.
You closely miss the sky beast.
The hound barks!
You squeeze the sky beast, but do no damage.
The sky beast hits you.
* * * LOW HITPOINT WARNING * * *
The sky beast shocks you.
* * * LOW HITPOINT WARNING * * *
The sky beast hits you.
You die...

#+# ##### ... ..
#.###...## ... ...
#.##.....## .. #.#.
##.###<#......)#
..#h..#
...............#
.#.....
##.#...........#
...._..
##..........###.#.....
##..##......@YJ.#
#..######.###...#.#
#..# #.# ....... #...
..# ####### #.## ####


You could see a sky beast, a hound and a jelly.

Vanquished Creatures
  A hound (D:4)
  Natasha (thrice) (D:3)
  2 adders (D:2)
  A gnoll (D:1)
  A worm (D:3)
  3 orcs (D:3)
  5 endoplasms
  A giant cockroach (D:1)
  12 goblins
  4 hobgoblins
  4 jackals (D:3)
  9 kobolds
  3 quokkas
  8 ball pythons (D:1)
  5 bats
  A frilled lizard (D:1)
  A rat (D:3)
64 creatures vanquished.

Notes
Turn   | Place    | Note
-------+----------+-------------------------------------------
     0 | D:1      | Kurtz the Octopode Fighter began the quest for the Orb.
     0 | D:1      | Reached XP level 1. HP: 16/16 MP: 1/1
    93 | D:1      | Found Unliat's Book Emporium.
   132 | D:1      | Reached XP level 2. HP: 21/21 MP: 2/2
   165 | D:1      | Found Boor's Antique Armour Emporium.
   352 | D:1      | Reached skill level 3 in Axes
   439 | D:1      | Found Wesol's Antique Weapon Shoppe.
   442 | D:1      | Found Ogymaamy's Jewellery Shoppe.
   449 | D:1      | Reached XP level 3. HP: 15/26 MP: 3/3
   714 | D:1      | Found a faded altar of an unknown god.
   847 | D:2      | Reached skill level 4 in Axes
  1061 | D:2      | Reached XP level 4. HP: 14/31 MP: 4/4
  1543 | D:3      | Found a shadowy altar of Dithmenos.
  1669 | D:3      | Noticed Natasha
  1676 | D:3      | Killed Natasha
  1892 | D:3      | Noticed Natasha
  1899 | D:3      | Killed Natasha
  1900 | D:3      | Reached skill level 5 in Axes
  1900 | D:3      | Reached XP level 5. HP: 24/36 MP: 5/5
  1984 | D:3      | Noticed Natasha
  1989 | D:3      | Killed Natasha
  2756 | D:4      | Found a stormy altar of Qazlal.
  2756 | D:4      | Noticed a sky beast
  2765 | D:4      | HP: 1/36 [sky beast (5)]
  2765 | D:4      | Slain by a sky beast

Illustrated notes

Levels and vault maps discovered:
D:1:      minmay_arrival_stair_chambers, layout_basic, serial_shops, shop,
          nicolae_shop_real_fake_doors, nicolae_shop_gibbet_a_chance, shop,
          hellmonk_ecumenical_altar_prayer_group
D:2:      layout_rooms, kennysheep_generic_room_3
D:3:      layout_basic, lemuel_crystal_altar, minmay_misc_feat_roman,
          uniq_natasha
D:4:      layout_loops_corners, kiku_gazebo_pond_becter,
          nicolae_qazlal_beasts_of_the_sky, minmay_temple_entry_mist,
          uniq_duvessa

Skill      XL: |  1  2  3  4 |
---------------+-------------+-----
Axes           | 3 4 5 |  5.8
Fighting       | |  3.0
Dodging        | |  3.0
Shields        | |  3.0

Action                     |  1- 3 |  4- 6 || total
---------------------------+-------+-------++-------
  Melee: War axe           |    59 |    61 ||   120
         Constrict         |    20 |    11 ||    31
         Tentacles         |    14 |    13 ||    27
         Punch             |       |     1 ||     1
    Use: Potion            |       |     1 ||     1
   Stab: Sleeping          |     3 |     5 ||     8
 Armour: Skin              |    26 |    32 ||    58
  Dodge: Dodged            |    40 |    45 ||    85
  Block: Buckler           |    15 |    15 ||    30

Table legend: (Time is in decaauts)
 A = Elapsed time spent in this place.
 B = Non-inter-level travel time spent in this place.
 C = Inter-level travel time spent in this place.
 D = Time resting spent in this place.
 E = Time spent auto-exploring this place.
 F = Levels seen in this place.
 G = Mean time per level.
                   A        B        C        D        E       F      G
               +--------+--------+--------+--------+--------+-----+--------+
         Total |   2811 |   2713 |     98 |    563 |   1738 |   4 |  702.8 |
       Dungeon |   2811 |   2713 |     98 |    563 |   1738 |   4 |  702.8 |
               +--------+--------+--------+--------+--------+-----+--------+

Top non-repeatable levels by time:
     D:3: 1298 daAuts
     D:1: 801 daAuts
     D:2: 675 daAuts
     D:4: 35 daAuts
